 Dungeon Sprint DCSS version 0.27-a0-412-g8dd771eca2 (webtiles) character file.

Game seed: 5519796392497690712

136 rocky1 the Skirmisher (level 5, -5/36 HPs)
             Began as a Gargoyle Fighter on Feb 23, 2021.
             Was an Initiate of Qazlal.
             Splashed by a jelly's acid (7 damage)
             ... in the Dungeon (Sprint V: "Ziggurat Sprint") on Feb 24, 2021.
             The game lasted 00:04:20 (128 turns).

rocky1 the Skirmisher (Gargoyle Fighter)             Turns: 128, Time: 00:04:20

Health: -5/36      AC:  0    Str: 20    XL:     5   Next: 19%
Magic:  4/8        EV:  9    Int:  8    God:    Qazlal [......]
Gold:   0          SH:  0    Dex: 10    Spells: 4/4 levels left

rFire    . . .     SeeInvis .   n - +5 demon whip
rCold    . . .     Faith    .   k - +3 kite shield
rNeg     + . .     Spirit   .   b - +0 scale mail
rPois    ∞         Reflect  .   (no helmet)
rElec    +         Harm     .   (no cloak)
rCorr    .         Rampage  .   (no gloves)
Will     .....     NoTele   +   (no boots)
Stlth    ..........             (no amulet)
HPRegen  0.12/turn              (no ring)
MPRegen  0.11/turn              (no ring)

@: confused, corroded
A: negative energy resistance 1, electricity resistance, unbreathing,
petrification resistance, miasma immunity, AC +4
a: Renounce Religion


You were in the Dungeon.
You worshipped Qazlal.
Qazlal was noncommittal.
You visited 1 branch

Inventory:

Hand Weapons
 n - a +5 demon whip (weapon)
Armour
 b - a +0 scale mail (worn)
 c - a +5 crystal plate armour
 k - a +3 kite shield (worn)
 l - a +3 tower shield
 m - +5 gold dragon scales
Jewellery
 o - a ring of flight
 p - a +6 ring of dexterity
 q - a +6 ring of dexterity
 r - a +6 ring of intelligence
 s - a +6 ring of intelligence
 t - a +6 ring of strength
 u - a +6 ring of strength
Wands
 v - a wand of mindburst (7)
 w - a wand of iceblast (7)
 x - a wand of acid (7)
Scrolls
 j - 4 scrolls of blinking
 y - 4 scrolls of amnesia
 z - 7 scrolls of fog
 A - a scroll of holy word
 B - 5 scrolls of identify
 C - 2 scrolls of fear
Potions
 d - 6 potions of might
 e - 10 potions of curing
 f - 10 potions of heal wounds
 g - 6 potions of haste
 h - 7 potions of magic
 i - 3 potions of berserk rage
 D - 2 potions of brilliance
 E - 2 potions of invisibility
 F - 4 potions of resistance
Miscellaneous
 a - a lightning rod (4/4)


   Skills:
 + Level 5.7 Fighting
 + Level 4.5 Maces & Flails
 + Level 5.6 Armour
 + Level 3.3 Dodging
 + Level 5.6 Shields
 + Level 4.3 Invocations
 + Level 3.5 Evocations


You had 4 spell levels left.
You didn't know any spells.
Your spell library was empty.

Dungeon Overview and Level Annotations

Branches:
Dungeon (1/1)

Altars:
Ashenzari
Cheibriados
Dithmenos
Elyvilon
Fedhas
Gozag
Hepliaklqana
Kikubaaqudgha
Makhleb
Nemelex Xobeh
Okawaru
Qazlal
Ru
Sif Muna
Trog
Uskayaw
Vehumet
Wu Jian
Xom
Yredelemnul
Zin
The Shining One
Beogh
Jiyva
Lugonu

Annotations:
D 1 transporter


Innate Abilities, Weirdness & Mutations

You are resistant to torment.
Your stone body is resilient. (AC +4)
You are immune to poison.
You resist negative energy. (rN+)
You are resistant to electric shocks. (rElec)
You can survive without breathing.
You are immune to petrification.
You are immune to miasma.


Message History

Unknown command.
You bump into the unnaturally hard rock wall.
The golden eye blinks at you.
You are more confused.
The jelly barely misses you.
Unknown command.
You whack the golden eye!
You kill the golden eye!
Qazlal accepts your kill. The jelly hits you but does no damage.
Your Fighting skill increases to level 5!
Your Maces & Flails skill increases to level 4!
Your Armour skill increases to level 5!
Your Dodging skill increases to level 3!
Your Shields skill increases to level 5!
Your Invocations skill gained 2 levels and is now at level 4!
Your Evocations skill increases to level 3!
You have reached level 3!
Your experience leads to an increase in your attributes!
Increase (S)trength, (I)ntelligence, or (D)exterity?
You feel agile.
You have reached level 4!
You feel stronger.
You have reached level 5!
You bump into the unnaturally hard rock wall.
The jelly barely misses you.
You bump into the unnaturally hard rock wall.
The jelly hits you but does no damage.
You bump into the unnaturally hard rock wall.
The jelly hits you. The acid corrodes you!
You are splashed with acid!
You whack the jelly! The acid corrodes you!
Your hands burn!
The jelly is almost dead.
The jelly hits you. The acid corrodes you!
You are splashed with acid!
The jelly hits you.
You are splashed with acid!
* * * LOW HITPOINT WARNING * * *
The jelly completely misses you. The jelly hits you.
* * * LOW HITPOINT WARNING * * *
You are splashed with acid!
You die...

▓▓▓▓▓▓▓
▓.8©8.▓
▓.....▓
▓.[.[.▓
▓.....▓
▓.J@..▓
▓..©..▓
▓▓▓▓▓▓▓


You could see a jelly.

Vanquished Creatures
  A golden eye (D)
1 creature vanquished.

Notes
Turn   | Place    | Note
-------+----------+-------------------------------------------
     0 | D        | rocky1 the Gargoyle Fighter began the quest for the Orb.
     0 | D        | Reached XP level 1. HP: 14/14 MP: 1/1
     0 | D        | Banished a spatial maelstrom
     2 | D        | Found a blossoming altar of Fedhas.
     3 | D        | Found the +6 Majin-Bo {vamp, MP+6 Int+6}
     3 | D        | Found the +9 heavy crossbow "Sniper" {vorpal, Acc+∞ SInv}
     3 | D        | Found the +10 dark maul {vorpal}
     3 | D        | Found the +15 Maxwell's patent armour {-Cast -Tele rElec
                  | Will+ rCorr}
     3 | D        | Found the +18 shield of the Gong {rElec rN+ Will+ EV-5}
     3 | D        | Found the +14 obsidian axe {vorpal, *Drain +Fly SInv}
     3 | D        | Found the +7 great mace "Firestarter" {inner flame, rF++}
     3 | D        | Found the +6 shillelagh "Devastator" {shatter}
     3 | D        | Found the +11 plutonium sword {*Contam Stlth-}
     3 | D        | Found the +8 lance "Wyrmbane" {slay drac, rPois rF+ rC+
                  | AC+3}
     3 | D        | Found the +9 sword of Zonguldrok {reap}
     3 | D        | Found the +13 scythe of Curses {drain, *Drain}
     3 | D        | Found the +5 sword of Power {vorpal}
     3 | D        | Found the +7 mace of Variability {chain chaos}
     3 | D        | Found the +7 Singing Sword {vorpal, sonic wave}
     3 | D        | Found the +8 storm bow {elec, penet}
    20 | D        | Found a viscous altar of Jiyva.
    20 | D        | Found a hazy altar of Hepliaklqana.
    20 | D        | Found a transporter.
    20 | D        | Found an opulent altar of Gozag.
    20 | D        | Found an ancient bone altar of Kikubaaqudgha.
    20 | D        | Found a corrupted altar of Lugonu.
    33 | D        | Found a burning altar of Makhleb.
    34 | D        | Found a stormy altar of Qazlal.
    34 | D        | Found a sacrificial altar of Ru.
    34 | D        | Found an iron altar of Okawaru.
    34 | D        | Found a shimmering blue altar of Sif Muna.
    34 | D        | Found a sparkling altar of Nemelex Xobeh.
    34 | D        | Found a bloodstained altar of Trog.
    79 | D        | Became a worshipper of Qazlal Stormbringer
    80 | D        | Reached XP level 2. HP: 20/20 MP: 2/4
   117 | D        | Entered arena 2.
   117 | D        | Noticed a golden eye
   117 | D        | Found a transporter.
   122 | D        | Killed a golden eye
   123 | D        | Reached skill level 5 in Fighting
   123 | D        | Reached skill level 5 in Armour
   123 | D        | Reached skill level 5 in Shields
   123 | D        | Reached XP level 3. HP: 27/27 MP: 4/6
   123 | D        | Reached XP level 4. HP: 32/32 MP: 4/7
   123 | D        | Reached XP level 5. HP: 36/36 MP: 4/8
   128 | D        | Splashed by a jelly's acid

Illustrated notes

Levels and vault maps discovered:
D:        sprint_v [room_start, room_1, room_2, room_3, room_4, room_5, room_6,
          room_7, room_8, room_9, room_10, room_11, room_12, room_13, room_14,
          room_15, room_16, room_17, room_18, room_19, room_20, room_21,
          room_22, room_23, room_24, room_25, room_26, room_27]

Skill      XL: |  1  2 |
---------------+-------+-----
Fighting       | 4 5 |  5.7
Maces & Flails | 3 4 |  4.5
Armour         | 4 5 |  5.6
Dodging        | 2 3 |  3.3
Shields        | 4 5 |  5.6
Invocations    | 2 4 |  4.3
Evocations     | 2 3 |  3.5

Action                   |  1- 3 |  4- 6 || total
-------------------------+-------+-------++-------
Melee: Demon whip        |     3 |     1 ||     4
  Use: Potion            |     1 |       ||     1
Armor: Scale mail        |     2 |     1 ||     3
Dodge: Dodged            |     2 |     2 ||     4

Table legend: (Time is in decaauts)
 A = Elapsed time spent in this place.
 B = Non-inter-level travel time spent in this place.
 C = Inter-level travel time spent in this place.
 D = Time resting spent in this place.
 E = Time spent auto-exploring this place.
 F = Levels seen in this place.
 G = Mean time per level.
                   A        B        C        D        E       F      G
               +--------+--------+--------+--------+--------+-----+--------+
         Total |    127 |    123 |      4 |     13 |      0 |   1 |  127.0 |
       Dungeon |    127 |    123 |      4 |     13 |      0 |   1 |  127.0 |
               +--------+--------+--------+--------+--------+-----+--------+

Top non-repeatable levels by time:
       D: 127 daAuts
